 Dungeon Crawl Stone Soup version 0.18-a0-1655-ge2d8d33 (webtiles) character file.

3801 Ijustatesigmund the Fighter (level 10, -1/71 HPs)
             Began as a Kobold Assassin on Mar 30, 2016.
             Was a Priest of Cheibriados.
             Slain by an orc warrior
             ... wielding a +0 long sword
              (12 damage)
             ... on level 8 of the Dungeon.
             The game lasted 00:39:34 (11107 turns).

Ijustatesigmund the Fighter (Kobold Assassin)      Turns: 11107, Time: 00:39:36

Health: -1/71      AC:  7    Str: 23    XL:     10   Next: 39%
Magic:  0/13       EV: 18    Int: 18    God:    Cheibriados [***...]
Gold:   394        SH:  0    Dex: 27    Spells: 0 memorised, 9 levels left

rFire  . . .     SeeInvis .     n - +3 dagger
rCold  . . .     Gourm    .     J - +0 ring mail {rN+}
rNeg   + . .     Faith    .     (shield restricted)
rPois  +         Spirit   +     (no helmet)
rElec  .         Dismiss  .     d - +0 cloak
rCorr  .         Reflect  .     (no gloves)
SustAt .         Harm     .     f - +0 pair of boots
MR     .....                    A - amulet of guardian spirit
Stlth  ++++......               q - +4 ring of strength
                                t - ring of poison resistance

@: studying Fighting, drained, very slow, not resistant to hostile enchantments,
stealthy
A: carnivore 3, mutation resistance 1
a: Bend Time, Temporal Distortion, Renounce Religion


You were on level 8 of the Dungeon.
You worshipped Cheibriados.
Cheibriados was most pleased with you.
You were full.

You visited 1 branch of the dungeon, and saw 9 of its levels.
You also visited: Ossuary.

You collected 394 gold pieces.

Inventory:

Hand Weapons
 b - a +2 blowgun
 l - a +2 dagger of holy wrath
 n - a +3 dagger (weapon)
Missiles
 e - 19 poisoned needles
 p - 3 curare-tipped needles
 u - 8 needles of sleeping
 B - 3 tomahawks (quivered)
Armour
 d - a +0 cloak (worn)
 f - a +0 pair of boots (worn)
 m - a +0 shield of positive energy
 J - a +0 ring mail of positive energy (worn)
Jewellery
 q - a +4 ring of strength (right hand)
 t - a ring of poison resistance (left hand)
 A - an amulet of guardian spirit (around neck)
 I - an uncursed ring of protection from cold
Wands
 v - a wand of lightning (0/15)
 H - a wand of confusion (28/48)
Scrolls
 c - a scroll of remove curse
 r - 2 scrolls of recharging
 y - a scroll of immolation
 G - 2 scrolls of amnesia
Potions
 i - 3 potions of flight
 w - a potion of mutation
 z - 2 potions of cure mutation
 C - 3 potions of magic
 F - a potion of resistance {unknown}
Books
 D - a manual of Fighting
Comestibles
 a - 7 beef jerkies
 g - 2 meat rations
 s - a royal jelly


   Skills:
 + Level 12.3(11.6) Fighting
 - Level 8.0(7.4) Short Blades
 - Level 5.0(4.4) Throwing
 - Level 3.1(2.5) Armour
 - Level 5.0(4.4) Dodging
 - Level 8.2(7.5) Stealth
 - Level 4.1(3.6) Invocations


You had 9 spell levels left.
You didn't know any spells.

Dungeon Overview and Level Annotations

Branches:
Dungeon (9/15)             Temple (0/1) D:4
   Lair: D:8-11         Orc: D:9-12

Altars:
Ashenzari
Cheibriados
Elyvilon
Fedhas
Kikubaaqudgha
Makhleb
Nemelex Xobeh
Qazlal
Trog
Vehumet
The Shining One


Innate Abilities, Weirdness & Mutations

You are small and have problems with some larger weapons.
You are carnivorous and can eat meat at any time.
You are somewhat resistant to further mutation.


Message History

You closely miss the orc warrior.
The orc warrior is almost dead.
The killer bee stings you.
* * * LOW HITPOINT WARNING * * *
The orc closely misses you.
You hit the orc warrior.
The orc warrior is almost dead.
The killer bee stings you.
* * * LOW HITPOINT WARNING * * *
The orc warrior barely misses you.
You hit the orc warrior.
The orc warrior is almost dead.
The killer bee misses you. The orc hits you but does no damage.
You hit the orc warrior but do no damage.
The orc warrior is almost dead.
The killer bee misses you.
The orc wizard mumbles some strange words.
The orc wizard flickers and vanishes!
The orc warrior hits you with a long sword!
You die...

#)# ##..#.##[...
#.# #..#........
#.#####..#...+..._
#.##.##......#....
#.#.#.....##......
#..###......#.....
#{#.#.####..#⌠.##+
#y##.## ##.####..
#@##.# #....#..
#oo..# ###.....
###### ##.##.
#.... ##.#. #...
####


You could see an orc warrior, a killer bee and an orc.

Vanquished Creatures
  Pikel (D:6)
  Sigmund (D:2)
  A hippogriff (D:8)
  A hungry ghost (D:8)
  A water moccasin (D:8)
  An orc warrior (D:8)
  4 slaves (D:6)
  An ice beast (D:8)
  4 ogres
  2 elf zombies (D:4)
  3 giant frogs
  An elf skeleton (D:4)
  2 scorpions
  A water moccasin skeleton (D:6)
  6 killer bees (D:8)
  A centaur zombie (D:6)
  6 crimson imps
  A lava snake (D:8)
  A wasp zombie (D:8)
  A quasit (D:6)
  A gnoll shaman (D:8)
  A human zombie (D:4)
  4 hounds
  2 centaur skeletons (D:8)
  2 orc priests (D:7)
  4 orc wizards
  An iguana (D:8)
  A human skeleton (D:4)
  9 worker ants
  8 big kobold zombies (Ossuary)
  A hound zombie (D:6)
  2 mummies
  3 worker ant zombies (D:6)
  8 gnolls
  8 adders
  3 shadow imps
  An ooze (D:6)
  An adder skeleton (D:4)
  An adder zombie (D:6)
  2 worms
  2 dart slugs
  3 giant geckos
  13 orcs
  2 spectral bats (Ossuary)
  A ball python (D:4)
  8 bats
  3 giant cockroaches
  6 goblins
  8 hobgoblins
  12 jackals
  7 kobolds
  4 quokkas
  2 bat simulacra (Ossuary)
  A giant gecko zombie (D:8)
  4 giant newts
  4 gnoll zombies (Ossuary)
  2 goblin simulacra (Ossuary)
  3 goblin zombies (Ossuary)
  5 hobgoblin zombies (Ossuary)
  3 kobold simulacra (Ossuary)
  6 kobold zombies (Ossuary)
  5 orc zombies
  8 rats
  2 rat simulacra (Ossuary)
  4 spectral goblins (Ossuary)
  2 spectral kobolds (Ossuary)
  3 spectral rats (Ossuary)
226 creatures vanquished.

Notes
Turn   | Place    | Note
--------------------------------------------------------------
     0 | D:1      | Ijustatesigmund the Kobold Assassin began the quest for the Orb.
     0 | D:1      | Reached XP level 1. HP: 12/12 MP: 1/1
    51 | D:1      | Reached XP level 2. HP: 16/18 MP: 2/2
   202 | D:1      | Reached XP level 3. HP: 7/22 MP: 3/3
   862 | D:1      | Reached skill level 3 in Fighting
  1099 | D:2      | Reached XP level 4. HP: 14/28 MP: 4/4
  1349 | D:2      | Found a stormy altar of Qazlal.
  1427 | D:2      | Found an ancient bone altar of Kikubaaqudgha.
  1460 | D:2      | Noticed Sigmund
  1519 | D:2      | Killed Sigmund
  1519 | D:2      | Reached skill level 5 in Throwing
  1519 | D:2      | Reached XP level 5. HP: 25/32 MP: 5/5
  1519 | D:2      | Reached XP level 6. HP: 29/37 MP: 6/6
  2012 | D:2      | Found a faded altar to an unknown god.
  2113 | D:2      | Found a radiant altar of Vehumet.
  2575 | D:3      | Found a blossoming altar of Fedhas.
  2921 | D:4      | Reached XP level 7. HP: 42/42 MP: 7/7
  2964 | D:4      | Reached skill level 4 in Fighting
  3169 | D:4      | Found a staircase to the Ecumenical Temple.
  3392 | D:4      | Found a sand-covered staircase.
  3397 | Ossuary  | Entered an ossuary
  3658 | Ossuary  | Reached skill level 5 in Short Blades
  3658 | Ossuary  | Reached XP level 8. HP: 46/48 MP: 8/8
  4423 | D:5      | Entered Level 5 of the Dungeon
  4565 | D:5      | Reached skill level 5 in Fighting
  5763 | D:5      | Found a bloodstained altar of Trog.
  5768 | D:5      | Found a burning altar of Makhleb.
  5880 | D:5      | Found a glowing golden altar of the Shining One.
  5882 | D:5      | Found a sparkling altar of Nemelex Xobeh.
  6065 | D:6      | Noticed Pikel
  6233 | D:5      | Found a snail-covered altar of Cheibriados.
  6253 | D:5      | Became a worshipper of Cheibriados the Contemplative
  6344 | D:5      | Found a white marble altar of Elyvilon.
  7156 | D:6      | Reached skill level 5 in Dodging
  7324 | D:6      | Reached skill level 1 in Invocations
  7698 | D:6      | Reached skill level 1 in Armour
  7698 | D:6      | Reached XP level 9. HP: 54/55 MP: 10/10
  7784 | D:6      | Reached * piety under Cheibriados
  7811 | D:6      | Reached skill level 6 in Fighting
  8214 | D:6      | Killed Pikel
  8654 | D:8      | Found a shattered altar of Ashenzari.
  8709 | D:8      | Reached skill level 7 in Fighting
  8814 | D:8      | Reached ** piety under Cheibriados
  8943 | D:8      | Identified a scroll of acquirement
  8955 | D:8      | Gained mutation: You are somewhat resistant to further mutation. [potion of mutation]
  9001 | D:8      | Reached skill level 8 in Fighting
  9113 | D:8      | Reached XP level 10. HP: 65/65 MP: 13/13
  9226 | D:8      | Reached skill level 9 in Fighting
  9448 | D:8      | Reached skill level 10 in Fighting
  9803 | D:8      | Reached *** piety under Cheibriados
  9803 | D:8      | Reached skill level 11 in Fighting
 10646 | D:8      | Reached skill level 12 in Fighting
 11107 | D:8      | Slain by an orc warrior

Vault maps used:
D:1:      ncdulo_halloftheorcs
D:2:      lemuel_doored_altar, kiku_gazebo_pond_becter, old_standard_altar,
          ecumenical_altar_2, first_bread, uniq_sigmund
D:3:      lemuel_crystal_altar
D:4:      minmay_temple_entry_hall, nicolae_ossuary_entry_catacombs
D:5:      overflow_temple_1_default, makhleb_heckhound_becter, slow_altar_2,
          nicolae_overflow_hidden_temple
D:6:      kennysheep_generic_room_12, uniq_pikel
D:7:      minitemple
D:8:      evilmike_ruin_ashenzari, grunt_ogre_cave, kennysheep_dice
D:9:      minmay_lair_entry_lava, orc_0_dummy
Ossuary:  ossuary_zaba_two_paths

Skill      XL: |  1  2  3  4  5  6  7  8  9 10 |
---------------+-------------------------------+-----
Short Blades   | 3 4 5 6 8 |  8.0
Fighting       | 3 4 5 8 12 | 12.3
Stealth        | 6 7 8 |  8.2
Throwing       | 5 |  5.0
Dodging        | 3 5 |  5.0
Invocations    | 1 4 |  4.1
Armour         | 1 3 |  3.1

Action                   |  1- 3 |  4- 6 |  7- 9 | 10-12 || total
-------------------------+-------+-------+-------+-------++-------
Melee: Dagger            |    76 |   122 |   740 |   259 ||  1197
       Short sword       |       |       |   473 |       ||   473
 Fire: Blowgun           |       |     9 |     3 |       ||    12
Throw: Tomahawk          |       |       |    19 |     4 ||    23
       Throwing net      |       |       |     4 |       ||     4
Evoke: Wand              |       |       |     2 |       ||     2
  Use: Scroll            |     2 |     8 |    13 |     2 ||    25
       Potion            |       |       |     9 |     6 ||    15
 Stab: Sleeping          |     6 |    13 |    39 |     5 ||    63
       Distracted        |     1 |       |       |     1 ||     2
       Held in net/web   |       |       |     1 |       ||     1
       Invisible         |       |       |       |     2 ||     2
  Eat: Chunk             |     5 |     1 |    13 |     1 ||    20
       Meat ration       |       |       |     2 |       ||     2
       Pizza             |       |       |     1 |       ||     1
